Map: Mothership LE

Players

pichutronic

  • Race: Protoss Protoss
  • Spawn Location: 9:00

VOD

Have the link to the VOD?

Description

Time

  • Played on: Dec. 30, 2025, 10:38 p.m.
  • Length: 19:33
Show
View Real Time Build Order
Export as new Build Order

pichutronic Protoss 

Build Orders:  

Get SALT Encoding   

  12  0:02  Probe (Chrono Boost)  
  13  0:19  Probe (Chrono Boost)  
  14  0:29  Pylon  
  14  0:36  Probe (Chrono Boost)  
  15  0:56  Probe (Chrono Boost)  
  15  0:59  Gateway  
  16  1:13  Probe (Chrono Boost)  
  17  1:21  Assimilator  
  18  1:30  Probe (Chrono Boost)  
  18  1:47  Probe (Chrono Boost)  
  19  2:04  Probe (Chrono Boost)  
  19  2:05  Cybernetics Core  
  20  2:17  Assimilator  
  21  2:21  Probe (Chrono Boost)  
  21  2:33  Pylon  
  21  2:38  Probe (Chrono Boost)  
  22  2:55  Probe (Chrono Boost)  
  24  3:12  Probe (Chrono Boost)  
  24  3:28  Nexus  
  24  3:35  Pylon  
  24  3:41  Pylon  
  24  3:43  Probe (Chrono Boost)  
  24  3:47  Stalker  
  28  4:00  Probe (Chrono Boost)  
  28  4:17  Probe (Chrono Boost)  
  28  4:18  Warp Gate  
  29  4:34  Probe (Chrono Boost)  
  31  4:51  Probe (Chrono Boost)  
  31  4:55  Forge  
  31  4:59  Robotics Facility  
  31  5:06  Pylon  
  31  5:15  Pylon  
  31  5:19  Pylon  
  31  5:29  Probe (Chrono Boost)  
  33  5:32  Probe (Chrono Boost)  
  33  5:43  Assimilator  
  33  5:46  Probe (Chrono Boost)  
  33  5:49  Probe (Chrono Boost)  
  35  5:53  Stalker  
  35  5:54  Protoss Shields Level 1  
  37  6:03  Probe (Chrono Boost)  
  38  6:14  Gateway  
  38  6:23  Probe (Chrono Boost)  
  38  6:25  Probe (Chrono Boost)  
  42  6:40  Probe (Chrono Boost)  
  42  6:41  Gateway  
  42  6:42  Probe (Chrono Boost)  
  42  6:46  Gateway  
  42  6:59  Shield Battery  
  42  7:09  Probe (Chrono Boost)  
  44  7:10  Probe (Chrono Boost)  
  44  7:25  Robotics Bay  
  44  7:30  Pylon  
  44  7:37  Pylon  
  44  7:39  Immortal  
  48  8:10  Zealot  
  48  8:11  Zealot  
  48  8:12  Zealot  
  48  8:13  Zealot  
  56  8:32  Twilight Council  
  56  8:37  Colossus  
  62  8:51  Pylon  
  62  8:54  Probe (Chrono Boost)  
  62  8:56  Probe (Chrono Boost)  
  62  8:59  Assimilator  
  64  9:04  Stalker  
  64  9:07  Adept  
  69  9:11  Probe (Chrono Boost), Zealot  
  69  9:13  Probe (Chrono Boost)  
  73  9:41  Probe (Chrono Boost)  
  73  9:43  Probe (Chrono Boost)  
  73  9:47  Observer  
  74  9:58  Protoss Shields Level 2  
  75  10:08  Adept  
  77  10:10  Gravitic Boosters  
  77  10:24  Templar Archives  
  77  10:27  Dark Shrine  
  77  10:47  Charge  
  77  10:54  Stalker  
  77  10:55  Sentry  
  77  10:59  Zealot  
  83  11:00  Zealot  
  85  11:10  Gravitic Drive  
  85  11:28  Probe (Chrono Boost)  
  85  11:29  Probe (Chrono Boost)  
  87  11:32  Psionic Storm  
  87  11:45  Probe (Chrono Boost)  
  87  11:46  Probe (Chrono Boost)  
  87  11:48  High Templar  
  91  11:59  Observer  
  92  12:25  Unknown  
  67  12:41  Zealot  
  67  12:42  Zealot  
  67  12:43  Zealot x2  
  67  12:44  Unknown  
  51  13:13  Zealot  
  51  13:14  Zealot x2  
  51  13:16  Zealot  
  57  13:20  Extended Thermal Lance  
  48  13:34  Photon Cannon  
  48  13:36  Photon Cannon  
  48  13:37  Photon Cannon  
  44  13:42  Photon Cannon  
  44  13:44  Photon Cannon  
  44  13:46  Photon Cannon  
  44  13:48  Photon Cannon  
  43  13:52  Photon Cannon  
  43  13:59  Photon Cannon  
  22  14:23  Zealot  
  22  14:24  Zealot  
  22  14:25  Zealot x2  
  22  14:26  Unknown  
  28  15:06  Pylon  
  28  15:11  Pylon  
  28  15:15  Nexus  
  28  15:16  Colossus  
  34  15:27  Probe (Chrono Boost)  
  35  15:42  High Templar  
  37  16:02  High Templar  
  37  16:06  Stalker  
  41  16:27  Stalker  
  43  16:31  Colossus  
  49  16:48  Photon Cannon  
  49  17:07  Assimilator  
  49  17:10  Assimilator  
  49  17:13  Probe (Chrono Boost)  
  50  17:25  Probe (Chrono Boost)  
  52  17:30  Probe (Chrono Boost)  
  52  17:34  Zealot  
  55  17:42  Probe (Chrono Boost)  
  55  17:54  Probe (Chrono Boost)  
  55  17:58  Probe (Chrono Boost)  
  57  18:36  Stalker  
  57  18:37  Stalker  
  57  18:39  Stalker  
  47  19:26  Zealot  
  47  19:27  Zealot  
Tags
 
Add a new tag
Caveats
  • Supply blocks, unpowered buildings, or Contaminate may cause inaccurate times.
  • Supply counts are checked every 10 seconds.